 Dungeon Crawl Stone Soup version 0.29.1-2-gbd0b4ee654 (webtiles) character file.

Game seed: 4136981654294612690

216 qeuew the Shooter (level 6, 0/47 HPs)
             Began as a Human Hunter on Nov 4, 2022.
             Killed from afar by Ascent's ghost (7 damage)
             ... with a magic dart
             ... on level 4 of the Dungeon.
             The game lasted 00:06:00 (2584 turns).

qeuew the Shooter (Human Hunter)                    Turns: 2584, Time: 00:06:01

Health: 0/47       AC:  7    Str:  9 (10) XL:     6   Next: 16%
Magic:  6/6        EV: 11    Int:  9      God:
Gold:   186        SH:  0    Dex: 22      Spells: 5/5 levels left

rFire   . . .      SeeInvis .   j - +0 short sword
rCold   . . .      Faith    .   (no shield)
rNeg    . . .      Spirit   .   n - +0 ring mail
rPois   .          Reflect  .   (no helmet)
rElec   .          Harm     .   (no cloak)
rCorr   .          Rampage  .   (no gloves)
Will    .....                   (no boots)
Stlth   +.........              (no amulet)
HPRegen 0.15/turn               (no ring)
MPRegen 0.10/turn               (no ring)

@: no status effects
A: iridescent scales 1, agile 1, sense surroundings 1, MP-powered wands
a: no special abilities


You were on level 4 of the Dungeon.
You visited 1 branch of the dungeon, and saw 4 of its levels.

You collected 186 gold pieces.

Inventory:

Hand Weapons
 a - a +0 shortbow of venom
 j - a +0 short sword (weapon)
Armour
 n - a +0 ring mail (worn)
Wands
 h - a wand of acid (6)
 k - a wand of flame (17)
Scrolls
 d - a scroll of fear
 e - a scroll of poison
 f - a scroll of acquirement
 g - 2 scrolls of teleportation
 l - 2 scrolls of magic mapping
Potions
 b - a potion of resistance


   Skills:
 * Level 3.0 Fighting
 * Level 1.5 Short Blades
 + Level 5.4 Ranged Weapons
 * Level 1.8 Armour
 * Level 2.8 Dodging
 - Level 1.0 Stealth


You had 5 spell levels left.
You didn't know any spells.
Your spell library contained the following spells:

 Spells                   Type           Power      Damage    Failure   Level
 Ensorcelled Hibernation  Hex/Ice        0%         N/A       86%         2
 Passwall                 Tmut/Erth      0%         N/A       86%         2
 Call Canine Familiar     Summ           0%         N/A       97%         3
 Portal Projectile        Hex/Tloc       0%         N/A       97%         3
 Swiftness                Air            0%         N/A       97%         3
 Leda's Liquefaction      Hex/Erth       0%         N/A       100%        4


Dungeon Overview and Level Annotations

Branches:
Dungeon (4/15)
 Temple: D:4-7

Altars:
Dithmenos

Annotations:
D:4 1 runed translucent door, Ascent's ghost, amateur DgHW


Innate Abilities, Weirdness & Mutations

You are partially covered in iridescent scales. (AC +2)
You are agile. (Dex +4, Str/Int -1)
You passively map a small area around you.
You expend magic power (3 MP) to strengthen your wands.


Message History

The magic dart hits you. The worm bites you!
You hit the worm.
You kill the worm!
Ascent's ghost casts a spell at you. The magic dart hits you.
You feel your intelligence returning.
Your Fighting skill increases to level 3!
Ascent's ghost misses you. Ascent's ghost hits you.
* * * LOW HITPOINT WARNING * * *
Ascent's ghost points at you and mumbles some strange words.
The magic dart hits you!
* * * LOW HITPOINT WARNING * * *
You see here a ball python skeleton.
There is an open translucent door here.
You see here a ball python skeleton.
You enter the shallow water.
Moving in this stuff is going to be slow.
Clearing monster memory.
You hear a splash.
You close the door, pushing everything out of the way.
Ascent's ghost opens the door.
You close the door.
Ascent's ghost opens the door.
You close the door.
Ascent's ghost opens the door.
You close the door.
Ascent's ghost opens the door.
As you close the door, it creaks loudly!
Ascent's ghost breaks down the door.
It's broken and can't be closed.
Okay, then.
Really read the scroll of poison?
You can't even see any enemies this would affect.
Okay, then.
Found a runed translucent door.
Ascent's ghost barely misses you.
Ascent's ghost attacks as you move away!
Ascent's ghost barely misses you.
Ascent's ghost points at you and mumbles some strange words.
The magic dart hits you but does no damage.
Ascent's ghost gestures at you while chanting.
The magic dart hits you!
You die...

* , , , ##... * , *
#.... ##+##, , ,
,#~~~# , #~~~# * ,
* #~~~# , * ,
,#~~~#, , .....
...#~@~#,* ,
.....##..#~~~# .* ,
#........#W~~#, *..
, * #........#~~~#
,... ,
##.......#~÷~# ....
*
#........##'##..###
#.........÷.......#
#.....<....##..÷..
......))#..........
*


You could see Ascent's ghost.

Vanquished Creatures
  A gnoll bouda (D:3)
  Ijyb (D:3)
  An iguana (D:3)
  3 adders (D:2)
  5 gnolls
  2 worms (D:4)
  3 bats (D:2)
  8 endoplasms
  5 goblins
  3 hobgoblins
  3 jackals (D:2)
  A quokka (D:2)
  5 ball pythons
  6 frilled lizards
  7 kobolds
  5 rats
59 creatures vanquished.

Notes
Turn   | Place    | Note
-------+----------+-------------------------------------------
     0 | D:1      | qeuew the Human Hunter began the quest for the Orb.
     0 | D:1      | Reached XP level 1. HP: 16/16 MP: 1/1
   327 | D:1      | Reached XP level 2. HP: 22/22 MP: 2/2
   456 | D:1      | Reached XP level 3. HP: 27/27 MP: 3/3
   773 | D:1      | Gained mutation: You are agile. (Dex +4, Str/Int -1)
                  | [potion of mutation]
   773 | D:1      | Gained mutation: You expend magic power (3 MP) to
                  | strengthen your wands. [potion of mutation]
   773 | D:1      | Gained mutation: You are partially covered in iridescent
                  | scales. (AC +2) [potion of mutation]
   773 | D:1      | Gained mutation: You passively map a small area around you.
                  | [potion of mutation]
  1002 | D:2      | Reached skill level 1 in Armour
  1002 | D:2      | Reached XP level 4. HP: 34/34 MP: 4/4
  1249 | D:2      | Found a shadowy altar of Dithmenos.
  1442 | D:2      | Identified a scroll of acquirement
  1491 | D:3      | Found a faded altar of an unknown god.
  1591 | D:3      | Reached skill level 1 in Short Blades
  1591 | D:3      | Reached skill level 5 in Ranged Weapons
  1591 | D:3      | Reached XP level 5. HP: 39/39 MP: 5/5
  1784 | D:3      | Noticed Ijyb
  1789 | D:3      | Killed Ijyb
  1924 | D:4      | Found a runed translucent door.
  1958 | D:3      | HP: 1/40 [gnoll bouda/+0 whip (6)]
  2029 | D:3      | Reached XP level 6. HP: 9/46 MP: 6/6
  2316 | D:4      | Noticed Ascent's ghost (amateur DgHW)
  2582 | D:4      | Found a runed translucent door.
  2584 | D:4      | Killed from afar by Ascent's ghost

Illustrated notes

Levels and vault maps discovered:
D:1:      psy_arrival_fountain, layout_basic
D:2:      layout_basic, basic_altar, hex_intersection, columned_hall_lemuel
D:3:      layout_rooms, ebering_ecumenical_altar_mist, uniq_ijyb
D:4:      minmay_clustersquares, layout_cave_pools,
          grunt_temple_overflow_forces_of_nature, mainiacjoe_overflow_catwalk,
          ebering_ghost_sewer_f, uniq_blork_the_orc

Skill      XL: |  1  2  3  4  5  6 |
---------------+-------------------+-----
Armour         | 1 |  1.8
Short Blades   | 1 |  1.5
Ranged Weapons | 5 |  5.4
Fighting       | 3 |  3.0
Dodging        | |  2.8
Stealth        | |  1.0

Action                   |  1- 3 |  4- 6 || total
-------------------------+-------+-------++-------
Melee: Short sword       |       |    20 ||    20
 Fire: Shortbow          |    50 |    86 ||   136
  Use: Scroll            |     4 |     6 ||    10
       Potion            |     3 |     2 ||     5
Armor: Leather armour    |     8 |     3 ||    11
       Ring mail         |       |    10 ||    10
Dodge: Dodged            |     9 |    43 ||    52
